[Event "Titled Tuesday Blitz March 21 Late 2023"]
[White "victormago"]
[Black "Adewumi, Tanitoluwa"]
[BlackFideId "30966396"]
[WhiteElo "2420"]
[BlackElo "2761"]
[Result "0-1"]
[Round "05"]
[TimeControl "180+2"]
[Date "2023.03.21"]
[WhiteClock "0:00:10"]
[BlackClock "0:00:09"]

1. d4 Nf6 2. c4 e6 3. Nc3 Bb4 4. Qc2 O-O 5. Nf3 c5 6. dxc5 Na6 7. g3 Nxc5 8. Bg2 b6 9. O-O Bxc3 10. Qxc3 Bb7 11. b3 d5 12. cxd5 Nxd5 13. Qb2 Rc8 14. Rd1 Qe7 15. Nd4 Rfd8 16. Bd2 Qf6 17. Be1 e5 18. Nb5 a6 19. Na3 b5 20. Rac1 h6 21. Nc2 Ne6 22. Nb4 Rxc1 23. Rxc1 Nd4 24. Nxd5 Bxd5 25. Bxd5 Rxd5 26. Bc3 Ne6 27. e3 Ng5 28. Qe2 Qf5 29. h4 Nf3+ 30. Kg2 e4 31. Rd1 Rc5 32. Bb4 Qg4 33. Bxc5 Nxh4+ 34. Kf1 Qh3+ 35. Ke1 Nf3+ 36. Qxf3 exf3 37. Kd2 Qh2 38. e4 Qh5 39. Be3 Qe5 40. Kd3 Qb2 41. Rd2 Qb1+ 42. Kd4 f6 0-1


[Site "https://www.chess.com"]

[Event "Titled Tuesday Blitz March 21 Late 2023"]
[White "Naroditsky, Daniel"]
[Black "Matinian, Nikita"]
[WhiteFideId "2026961"]
[BlackFideId "24129100"]
[WhiteElo "2633"]
[BlackElo "2422"]
[Result "1-0"]
[Round "05"]
[TimeControl "180+2"]
[Date "2023.03.21"]
[WhiteClock "0:01:03"]
[BlackClock "0:00:05"]

1. d4 Nf6 2. Nc3 d5 3. Bf4 g6 4. e3 Bg7 5. h4 h5 6. Nf3 c6 7. Ne5 Nbd7 8. Bd3 Qb6 9. Rb1 a5 10. a4 Nxe5 11. Bxe5 Be6 12. Qf3 O-O 13. Qf4 Rac8 14. f3 c5 15. g4 cxd4 16. Bxd4 Qb4 17. Kf2 Rfd8 18. Rhg1 hxg4 19. fxg4 Ne4+ 20. Nxe4 dxe4 21. c3 Qxa4 22. Bxe4 Bxd4 23. exd4 Bd5 24. Bd3 Bc4 25. Be4 Bd5 26. Rbe1 e5 27. Qxe5 Bxe4 28. Qxe4 Qb5 29. Qe2 Qb3 30. h5 Rxd4 31. h6 Rd7 32. Qe5 Qxb2+ 33. Re2 Qxc3 34. h7+ 1-0


[Site "https://www.chess.com"]

[Event "Titled Tuesday Blitz March 21 Late 2023"]
[White "Bluebaum, Matthias"]
[Black "Vetoshko, Volodymyr"]
[WhiteFideId "24651516"]
[BlackFideId "14122480"]
[WhiteElo "2638"]
[BlackElo "2422"]
[Result "1-0"]
[Round "05"]
[TimeControl "180+2"]
[Date "2023.03.21"]
[WhiteClock "0:00:48"]
[BlackClock "0:00:01"]

1. d4 d5 2. c4 e6 3. Nc3 a6 4. cxd5 exd5 5. Bf4 c6 6. e3 Bd6 7. Qf3 Bxf4 8. Qxf4 Nf6 9. Bd3 O-O 10. Nge2 a5 11. h4 Na6 12. h5 Nc7 13. h6 g6 14. O-O-O Ne6 15. Qg3 b5 16. f3 a4 17. a3 b4 18. axb4 Qe7 19. Na2 a3 20. b3 Ba6 21. Bxa6 Rxa6 22. Rd3 Ne8 23. Kb1 Nd6 24. Rc1 Nf5 25. Qh3 Qg5 26. f4 Qxh6 27. Qxh6 Nxh6 28. Rdc3 Ng4 29. Ng3 h5 30. Nf1 Nd8 31. Rc5 Nf2 32. b5 cxb5 33. Rxb5 Ne4 34. Rxd5 Ne6 35. Re5 Nf6 36. d5 Ng7 37. Rc6 Rxc6 38. dxc6 Rc8 39. Rc5 Ne6 40. Rc4 Ne8 41. Nc3 Nd6 42. Nd5 Kg7 43. Rc2 Ne4 44. b4 Nd6 45. Ka2 Nb5 46. Nd2 Nec7 47. Nxc7 Rxc7 48. Nf3 Kf6 49. Rc5 Nd6 50. Kxa3 Ne4 51. Rc4 Nd6 52. Rc1 Ke7 53. Nd4 Ne4 54. b5 1-0


[Site "https://www.chess.com"]

[Event "Titled Tuesday Blitz March 21 Late 2023"]
[White "Ozer, Omer Faruk"]
[Black "Matlakov, Maxim"]
[WhiteFideId "6354564"]
[BlackFideId "4168003"]
[WhiteElo "2260"]
[BlackElo "2666"]
[Result "0-1"]
[Round "05"]
[TimeControl "180+2"]
[Date "2023.03.21"]
[WhiteClock "0:00:03"]
[BlackClock "0:00:56"]

1. e4 e5 2. Nc3 Nf6 3. g3 c6 4. Nf3 d6 5. Bg2 Be7 6. O-O O-O 7. d4 Nbd7 8. b3 Re8 9. a4 Bf8 10. Bb2 a5 11. Re1 Qc7 12. Qd2 g6 13. Rad1 Bg7 14. h3 exd4 15. Nxd4 Nc5 16. f4 Bd7 17. Qf2 Rad8 18. g4 Bc8 19. f5 Nfd7 20. g5 Ne5 21. Rf1 Qb6 22. Kh1 Rd7 23. Bc1 Qd8 24. Nde2 f6 25. fxg6 fxg5 26. gxh7+ Kh8 27. Qg3 Ne6 28. Rf5 Bh6 29. Ba3 Ng7 30. Rf2 Nh5 31. Qh2 g4 32. Bb2 Qg5 33. Rf5 Qg6 34. Rg1 g3 35. Bf3 Qxf5 36. exf5 gxh2 37. Bxh5 hxg1=Q+ 38. Nxg1 Rf8 39. Bg6 Rxh7 0-1


[Site "https://www.chess.com"]

[Event "Titled Tuesday Blitz March 21 Late 2023"]
[White "Sarana, Alexey"]
[Black "Popov, Mikhail"]
[WhiteFideId "24133795"]
[BlackFideId "4146182"]
[WhiteElo "2714"]
[BlackElo "2270"]
[Result "1/2-1/2"]
[Round "05"]
[TimeControl "180+2"]
[Date "2023.03.21"]
[WhiteClock "0:00:24"]
[BlackClock "0:00:09"]

1. d4 Nf6 2. c4 g6 3. Nc3 d5 4. Bf4 Bg7 5. e3 O-O 6. Rc1 c5 7. dxc5 Qa5 8. cxd5 Nbd7 9. a3 Ne4 10. Ne2 Ndxc5 11. f3 Nxc3 12. Nxc3 Na4 13. Qd2 Nxc3 14. bxc3 Bd7 15. c4 Qxa3 16. Be2 Rfc8 17. Kf2 a5 18. e4 Qc5+ 19. Be3 Qc7 20. c5 a4 21. Bd4 Bxd4+ 22. Qxd4 a3 23. Rc2 Ra4 24. Qc3 a2 25. Ra1 Ra5 26. Raxa2 Rxc5 27. Qxc5 Qxc5+ 28. Rxc5 Rxc5 29. Ra7 Bc8 30. Ke3 Kg7 31. h4 h5 32. Ra8 Kf6 33. Bd3 Ke5 34. f4+ Kd6 35. Kd4 Rc1 36. Ra2 Kc7 37. Rd2 Bd7 38. e5 Bf5 39. Bxf5 gxf5 40. Rd3 Kd7 41. Rb3 Kc7 42. Rc3+ Rxc3 43. Kxc3 Kb6 44. Kb4 Kc7 45. Kb5 Kd7 46. Kb6 Kc8 47. g3 Kb8 48. Kb5 Kc7 49. Kc5 Kd7 50. Kb5 Kc7 51. Ka5 Kd7 52. Kb6 Kc8 53. d6 exd6 54. exd6 Kd7 55. Kxb7 Kxd6 56. Kc8 Kd5 57. Kd7 Ke4 58. Ke7 Kf3 59. Kf6 Kxg3 60. Kg5 f6+ 61. Kxf5 Kxh4 62. Kxf6 Kg4 63. f5 h4 64. Ke6 h3 65. f6 h2 66. f7 h1=Q 67. f8=Q Qe4+ 68. Kd7 Qd5+ 69. Qd6 Qxd6+ 70. Kxd6 1/2-1/2


[Site "https://www.chess.com"]

[Event "Titled Tuesday Blitz March 21 Late 2023"]
[White "Narayanan.S.L"]
[Black "Vlassov, Nikolai"]
[WhiteFideId "5058422"]
[BlackFideId "4103360"]
[WhiteElo "2547"]
[BlackElo "2324"]
[Result "1/2-1/2"]
[Round "05"]
[TimeControl "180+2"]
[Date "2023.03.21"]
[WhiteClock "0:00:48"]
[BlackClock "0:00:06"]

1. e4 Nc6 2. Nf3 d5 3. exd5 Qxd5 4. Nc3 Qa5 5. Bb5 Bd7 6. d3 a6 7. Bc4 Nf6 8. Bd2 Qh5 9. Qe2 Bg4 10. Qe3 Bxf3 11. gxf3 e6 12. O-O-O Bc5 13. Qg5 Qxg5 14. Bxg5 Bxf2 15. Rd2 Bd4 16. Rg2 O-O-O 17. Bd2 Nd5 18. Nxd5 exd5 19. Bb3 Ne7 20. c3 Bf6 21. Re1 g6 22. d4 Nf5 23. Bc2 Nd6 24. Bf4 Kd7 25. Rh1 Rhe8 26. h4 h5 27. Bd3 b5 28. a3 Nc4 29. Bg5 Bxg5+ 30. Rxg5 Kd6 31. f4 Re3 32. Bxc4 bxc4 33. f5 Rg8 34. Rhg1 Rh3 35. fxg6 fxg6 36. Rxg6+ Rxg6 37. Rxg6+ Kd7 38. Rg5 c6 39. Rxh5 Rh2 40. a4 a5 41. Rh8 Kc7 42. h5 Kb7 43. h6 Ka7 44. Kb1 Kb7 45. Ka2 Ka7 46. Ka3 Kb7 47. h7 Rh3 48. b3 cxb3 49. Kxb3 Rh2 50. Ka3 Rh3 51. Kb2 Rh2+ 52. Kc1 Ka7 53. Rc8 Rxh7 54. Rxc6 Rh5 55. Rc5 Kb6 56. Kc2 Rg5 57. Rb5+ Ka6 58. Kd1 Rh5 59. Rc5 Rg5 60. Ke2 Rh5 61. Kf3 Kb6 62. Kg4 Rh1 63. Rb5+ Ka6 64. Rxd5 Ra1 65. Rd6+ Kb7 66. Kf4 Rxa4 67. Ke4 Ra1 68. Kd5 a4 69. c4 a3 70. Rd7+ Ka6 71. Rd8 Kb7 72. Rg8 Rb1 73. Rg2 Rb2 74. Rg3 a2 75. Ra3 Rd2 76. c5 Kb8 77. Ra4 Kb7 78. Ke5 Re2+ 79. Kd6 Re4 80. c6+ Kb6 81. Kd5 Re2 82. Kd6 Re4 83. c7 Rxd4+ 84. Rxd4 a1=Q 85. Rb4+ Ka5 86. Rb8 Qf6+ 87. Kc5 Qe5+ 88. Kc6 Qe6+ 89. Kc5 Qe5+ 90. Kc6 Qe6+ 91. Kc5 Qe5+ 1/2-1/2


[Site "https://www.chess.com"]

[Event "Titled Tuesday Blitz March 21 Late 2023"]
[White "Zhurbinsky, David"]
[Black "Grigoriants, Sergey"]
[WhiteFideId "2072904"]
[BlackFideId "4130804"]
[WhiteElo "2619"]
[BlackElo "2502"]
[Result "0-1"]
[Round "05"]
[TimeControl "180+2"]
[Date "2023.03.21"]
[WhiteClock "0:00:16"]
[BlackClock "0:00:08"]

1. e4 c5 2. Nf3 Nc6 3. c3 d5 4. exd5 Qxd5 5. d4 Nf6 6. Na3 cxd4 7. Nb5 Qd8 8. Nbxd4 Bd7 9. Bg5 Ne4 10. Bh4 Qb6 11. Nxc6 Bxc6 12. Bc4 Rd8 13. Qe2 Qc5 14. Nd4 Rxd4 15. cxd4 Qb4+ 16. Kf1 Qxc4 17. Qxc4 Nd2+ 18. Ke2 Nxc4 19. f3 Nb6 20. b3 e6 21. Rac1 Nd5 22. Bg3 Kd7 23. Rhd1 Ba3 24. Rc2 Rc8 25. Kf2 f6 26. h4 h5 27. Bh2 Bb4 28. Rdc1 Rd8 29. g4 hxg4 30. fxg4 Ba5 31. a3 Bb6 32. Rd1 e5 33. h5 Bxd4+ 34. Kf3 Ne3+ 35. Rxc6 bxc6 36. Rd3 Nd5 37. Ke4 Ke6 0-1


[Site "https://www.chess.com"]

[Event "Titled Tuesday Blitz March 21 Late 2023"]
[White "Ibarra Jerez, Jose Carlos"]
[Black "Krallis, Christos"]
[WhiteFideId "2226332"]
[BlackFideId "4298896"]
[WhiteElo "2638"]
[BlackElo "2243"]
[Result "1-0"]
[Round "05"]
[TimeControl "180+2"]
[Date "2023.03.21"]
[WhiteClock "0:00:12"]
[BlackClock "0:00:05"]

1. e4 c5 2. Nc3 e6 3. Nge2 Nc6 4. d4 cxd4 5. Nxd4 d6 6. Be3 Be7 7. f3 Nf6 8. Qd2 O-O 9. O-O-O a6 10. g3 Bd7 11. g4 Rc8 12. Kb1 b5 13. Nxc6 Bxc6 14. Bd3 d5 15. e5 Nd7 16. Bd4 b4 17. Ne2 Bb5 18. f4 Nc5 19. h4 Ne4 20. Qe3 Qc7 21. f5 Bc5 22. Nf4 Qxe5 23. Bxc5 Rxc5 24. Rhe1 Rfc8 25. fxe6 fxe6 26. Bxe4 dxe4 27. Rd2 Ba4 28. b3 Bc6 29. Nd3 exd3 30. Qxe5 Rxe5 31. Rxe5 Bd5 32. Rxd3 Kf7 33. Rd4 a5 34. Rf4+ Ke7 35. Re3 Kd6 36. Rf7 Rg8 37. Ra7 h5 38. g5 Kc5 39. Rxa5+ Kd4 40. Rd3+ Ke4 41. Rb5 Rf8 42. Rxb4+ Ke5 43. Rb5 Rf1+ 44. Kb2 Kf4 45. Rdxd5 exd5 46. Rxd5 Kg4 47. Rd4+ Kg3 48. a4 Rf7 49. a5 Kf3 50. b4 Ke3 51. c3 1-0


[Site "https://www.chess.com"]

[Event "Titled Tuesday Blitz March 21 Late 2023"]
[White "Thomforde-Toates, Noah"]
[Black "Chigaev, Maksim"]
[WhiteFideId "30951992"]
[BlackFideId "4108116"]
[WhiteElo "2607"]
[BlackElo "2547"]
[Result "0-1"]
[Round "05"]
[TimeControl "180+2"]
[Date "2023.03.21"]
[WhiteClock "0:00:06"]
[BlackClock "0:00:07"]

1. c4 Nf6 2. Nc3 e5 3. g3 Bb4 4. Bg2 Bxc3 5. bxc3 O-O 6. d4 d6 7. Nf3 Nc6 8. O-O Re8 9. Rb1 h6 10. Ba3 Rb8 11. c5 e4 12. Nd2 d5 13. e3 Bf5 14. c4 Qd7 15. cxd5 Nxd5 16. Qc2 Bh3 17. Bxe4 Bxf1 18. Rxf1 Rbd8 19. Rb1 b6 20. cxb6 axb6 21. Bf5 Nxe3 22. fxe3 Nxd4 23. Bxd7 Nxc2 24. Bxe8 Rxe8 25. Rb3 Nxe3 26. Rd3 c5 27. Bb2 Nf5 28. Rd5 Ne3 29. Rd7 Nd1 30. Nc4 Nxb2 31. Nxb2 Re2 32. Nc4 b5 33. Nd6 b4 34. Rc7 Rxa2 35. Rc8+ Kh7 36. Rxc5 b3 37. Nc4 Rc2 38. Rb5 Rxc4 39. Rxb3 Rc2 40. Rf3 f6 41. Rb3 h5 42. Rb5 Kh6 43. Rd5 g5 44. Rb5 Kg6 45. Kh1 Re2 46. Kg1 Re5 47. Rb8 Kf5 48. Rb4 Re4 49. Rb2 h4 50. Kg2 hxg3 51. hxg3 Kg4 52. Rc2 f5 53. Rb2 Rd4 54. Rc2 Ra4 55. Rb2 Re4 56. Ra2 Re3 57. Ra4+ Re4 58. Ra2 Kh5 59. Rf2 Re5 60. Ra2 Kg6 61. Kf3 Re6 62. Ra5 Rb6 63. Ra3 Rb5 64. Ra6+ Kh5 65. Ra3 Re5 66. Ra8 Rc5 67. Rh8+ Kg6 68. Rg8+ Kf6 69. Rf8+ Ke5 70. Re8+ Kd4 71. Rg8 Rc3+ 72. Kf2 g4 73. Rd8+ Ke5 74. Re8+ Kf6 75. Rf8+ Kg6 76. Rg8+ Kf7 77. Ra8 Rc2+ 78. Ke3 Rg2 79. Kf4 Rf2+ 80. Kg5 Rf3 81. Ra7+ Ke6 82. Ra6+ Ke5 83. Ra5+ Ke4 84. Ra4+ Ke3 85. Rb4 Kf2 86. Kh4 Kg2 87. Rb2+ Rf2 88. Rb5 Kh2 89. Ra5 f4 90. Kxg4 fxg3 91. Rh5+ Kg2 92. Ra5 Rb2 93. Ra1 Rb4+ 94. Kf5 Kh2 95. Rc1 g2 96. Rc2 Kh1 97. Rc8 g1=Q 98. Rh8+ Qh2 99. Rg8 0-1


[Site "https://www.chess.com"]

[Event "Titled Tuesday Blitz March 21 Late 2023"]
[White "Turayev, Shahruh"]
[Black "Baskakov, Egor"]
[WhiteFideId "14003856"]
[BlackFideId "24197866"]
[WhiteElo "2171"]
[BlackElo "2212"]
[Result "1-0"]
[Round "05"]
[TimeControl "180+2"]
[Date "2023.03.21"]
[WhiteClock "0:00:09"]
[BlackClock "0:00:03"]

1. e4 c5 2. Nc3 Nc6 3. Bb5 g6 4. Bxc6 dxc6 5. f4 Bg7 6. Nf3 Bg4 7. O-O e5 8. d3 exf4 9. Bxf4 Ne7 10. h3 Bxf3 11. Qxf3 O-O 12. Qg3 Qd7 13. Bg5 f6 14. Be3 b6 15. Qh4 Rae8 16. Bh6 Qd4+ 17. Kh1 Nf5 18. Rxf5 gxf5 19. Qg3 Rf7 20. exf5 Kh8 21. Bd2 Rg8 22. Qf3 Qh4 23. Ne4 Bh6 24. Bc3 Bg7 25. Rf1 Re7 26. Be1 Qh6 27. Bd2 Qh4 28. Kh2 Rxe4 29. Qxe4 Qxe4 30. dxe4 Re8 31. Re1 Rd8 32. Bc3 Kg8 33. g4 b5 34. a3 Kf7 35. Kg3 h5 36. Re2 Rh8 37. e5 fxe5 38. Bxe5 hxg4 39. hxg4 Rh1 40. Bxg7 Kxg7 41. Re7+ Kf6 42. Re6+ Kf7 43. Rxc6 Rb1 44. b3 b4 45. axb4 cxb4 46. Kf4 a5 47. Kg5 Rc1 48. Rc7+ Ke8 49. Kg6 a4 50. bxa4 b3 51. Rb7 bxc2 52. Rc7 Kd8 53. Rc4 Rg1 54. Rxc2 Rxg4+ 55. Kf7 Rxa4 56. f6 Ra7+ 57. Kg8 Ra1 58. f7 Rg1+ 59. Kf8 Kd7 60. Rc4 Rf1 61. Rd4+ Ke6 62. Re4+ Kd5 63. Re2 Kd6 64. Ke8 Kd5 65. f8=Q Rxf8+ 66. Kxf8 1-0


[Site "https://www.chess.com"]

[Event "Titled Tuesday Blitz March 21 Late 2023"]
[White "Rustemov, Alexander"]
[Black "Sielecki, Christof"]
[WhiteFideId "4119002"]
[BlackFideId "4620437"]
[WhiteElo "2854"]
[BlackElo "2443"]
[Result "1-0"]
[Round "05"]
[TimeControl "180+2"]
[Date "2023.03.21"]
[WhiteClock "0:01:19"]
[BlackClock "0:00:08"]

1. d4 d5 2. c4 e6 3. Nc3 Nf6 4. Nf3 a6 5. cxd5 exd5 6. Bg5 Be6 7. e3 Nbd7 8. Bd3 Bd6 9. Qc2 h6 10. Bf4 Qe7 11. Bxd6 Qxd6 12. h3 c6 13. O-O O-O 14. Rab1 Rfe8 15. Rfc1 a5 16. a3 Rec8 17. Na4 Qe7 18. b4 axb4 19. axb4 b5 20. Nc5 Nxc5 21. Qxc5 Qxc5 22. dxc5 Ra3 23. Bf1 Ne4 24. Nd4 Bd7 25. Nb3 Rca8 26. Na5 Kf8 27. Ra1 Rxa1 28. Rxa1 Ke8 29. Bd3 Nf6 30. Kf1 h5 31. h4 g6 32. Ke2 Ng4 33. f3 Ne5 34. Kd2 Kf8 35. Kc3 Kg7 36. Kd4 Kf6 37. Nb3 Rxa1 38. Nxa1 Bf5 39. Be2 Ke6 40. Nb3 f6 41. Na5 Kd7 42. Nb7 Bc2 43. Nd6 g5 44. hxg5 fxg5 45. Kxe5 1-0


[Site "https://www.chess.com"]

[Event "Titled Tuesday Blitz March 21 Late 2023"]
[White "Ambartsumova, Karina"]
[Black "Ozen, Bahadir"]
[WhiteFideId "4166299"]
[BlackFideId "6337058"]
[WhiteElo "2300"]
[BlackElo "2503"]
[Result "1/2-1/2"]
[Round "05"]
[TimeControl "180+2"]
[Date "2023.03.21"]
[WhiteClock "0:00:04"]
[BlackClock "0:00:11"]

1. c4 e6 2. Nc3 d5 3. d4 c6 4. e3 Nf6 5. Nf3 Nbd7 6. b3 Bb4 7. Bd2 O-O 8. Bd3 b6 9. O-O Bb7 10. Qe2 Qe7 11. Ne5 c5 12. f4 Rad8 13. a3 Ba5 14. Rfd1 a6 15. Be1 Bxc3 16. Bxc3 Ne4 17. Bxe4 dxe4 18. Nxd7 Rxd7 19. dxc5 bxc5 20. Rxd7 Qxd7 21. Rd1 Qe7 22. Qd2 f6 23. Qd6 Kf7 24. Qb6 Rc8 25. b4 Qc7 26. Qxc7+ Rxc7 27. bxc5 Ke7 28. Bb4 Bc6 29. Rd6 h6 30. Kf2 Rc8 31. Ke2 Rc7 32. Ba5 Rc8 33. Bb6 Bd7 34. Kd2 Bc6 35. Kc3 h5 36. g3 Bd7 37. Kb4 Bc6 38. Ka5 Bb7 39. Rd4 g6 40. Ba7 Rc6 41. Kb4 Rc8 42. Ka5 Rc6 43. Kb4 Rc8 44. Ka5 1/2-1/2


[Site "https://www.chess.com"]

[Event "Titled Tuesday Blitz March 21 Late 2023"]
[White "Drori, Saar"]
[Black "Kobo, Ori"]
[WhiteFideId "2812444"]
[BlackFideId "2812320"]
[WhiteElo "2322"]
[BlackElo "2447"]
[Result "0-1"]
[Round "05"]
[TimeControl "180+2"]
[Date "2023.03.21"]
[WhiteClock "0:00:06"]
[BlackClock "0:00:03"]

1. e4 c5 2. Nc3 Nc6 3. g3 g6 4. Bg2 Bg7 5. d3 d6 6. Be3 h5 7. h3 Rb8 8. Nge2 b5 9. Qd2 b4 10. Nd1 Nd4 11. O-O h4 12. g4 e5 13. Bxd4 cxd4 14. f4 exf4 15. Nxf4 Be5 16. a3 b3 17. c3 Ne7 18. Ne2 dxc3 19. Ndxc3 O-O 20. d4 Bg7 21. Rad1 Ba6 22. Rf2 Nc6 23. e5 Na5 24. Nd5 dxe5 25. dxe5 Bxe5 26. Qe3 Re8 27. Qxa7 Bb7 28. Nf6+ Qxf6 29. Rxf6 Bxf6 30. Qxa5 Bxg2 31. Kxg2 Rxe2+ 32. Kf3 Rbe8 33. Rd3 Rxb2 34. Qb5 Ree2 35. Rxb3 Rf2+ 36. Ke4 Rbe2+ 37. Re3 Rb2 38. Qe8+ Kg7 39. Qc6 g5 40. Rf3 Rbe2+ 41. Re3 Rd2 42. Rd3 Rfe2+ 43. Kf3 Rf2+ 44. Ke3 Rde2# 0-1


[Site "https://www.chess.com"]

[Event "Titled Tuesday Blitz March 21 Late 2023"]
[White "Domingo Nunez, Alejandro"]
[Black "Bartel, Mateusz"]
[WhiteFideId "22245561"]
[BlackFideId "1112635"]
[WhiteElo "2230"]
[BlackElo "2521"]
[Result "0-1"]
[Round "05"]
[TimeControl "180+2"]
[Date "2023.03.21"]
[WhiteClock "0:00:02"]
[BlackClock "0:00:19"]

1. Nf3 g6 2. g3 Bg7 3. d4 Nf6 4. Bg2 O-O 5. O-O d6 6. c4 Nc6 7. b3 Ne4 8. Bb2 f5 9. Nc3 Nxc3 10. Bxc3 e5 11. dxe5 dxe5 12. Qd5+ Kh8 13. Qxd8 Rxd8 14. Ng5 Re8 15. Bd5 Nd8 16. Bb4 h6 17. Nf7+ Kh7 18. Rad1 Ne6 19. Bc3 Ng5 20. Nxg5+ hxg5 21. Bb4 c6 22. Bf7 Rh8 23. Rd2 Bf6 24. c5 Kg7 25. Bc4 f4 26. Rfd1 Bh3 27. f3 Rhe8 28. g4 e4 29. Rd7+ Re7 30. Bc3 Re8 0-1


[Site "https://www.chess.com"]

[Event "Titled Tuesday Blitz March 21 Late 2023"]
[White "Albornoz Cabrera, Carlos Daniel"]
[Black "Rastbod, Ali"]
[WhiteFideId "3518736"]
[BlackFideId "12567477"]
[WhiteElo "2501"]
[BlackElo "2211"]
[Result "1-0"]
[Round "05"]
[TimeControl "180+2"]
[Date "2023.03.21"]
[WhiteClock "0:00:22"]
[BlackClock "0:00:09"]

1. d4 Nf6 2. c4 e6 3. Nf3 h6 4. g3 Bb4+ 5. Nbd2 O-O 6. Bg2 d6 7. O-O Re8 8. Nb3 d5 9. c5 c6 10. a3 Ba5 11. Nxa5 Qxa5 12. b4 Qd8 13. Bf4 b6 14. Qd2 Ba6 15. Ne5 Ne4 16. Qc2 bxc5 17. bxc5 f6 18. Nd3 Nd7 19. Nb4 Bb7 20. Rab1 Qc8 21. Bxe4 dxe4 22. Qxe4 e5 23. Bxh6 gxh6 24. Qg6+ Kh8 25. Qxh6+ Kg8 26. Qg6+ Kh8 27. Rb3 Nf8 28. Qxf6+ Kg8 29. d5 Qd8 30. Qh6 cxd5 31. c6 Re6 32. Qxe6+ Nxe6 33. cxb7 Nc5 34. bxa8=Q Qxa8 35. Rc3 Ne4 36. Rc6 Qd8 37. Rfc1 Kf7 38. Rc7+ Ke6 39. R1c6+ Nd6 40. Nd3 d4 41. Nc5+ Kd5 42. Rxd6+ Qxd6 43. Rd7 Kxc5 44. Rxd6 Kxd6 45. h4 e4 46. Kf1 Ke5 47. Ke1 a5 48. Kd2 a4 49. f3 Kf5 50. fxe4+ Kxe4 51. h5 Kf5 52. Kd3 1-0


[Site "https://www.chess.com"]

[Event "Titled Tuesday Blitz March 21 Late 2023"]
[White "Urbina Perez, Juan Antonio"]
[Black "Melkumyan, Hrant"]
[WhiteFideId "2217368"]
[BlackFideId "13302485"]
[WhiteElo "2197"]
[BlackElo "2604"]
[Result "0-1"]
[Round "05"]
[TimeControl "180+2"]
[Date "2023.03.21"]
[WhiteClock "0:00:02"]
[BlackClock "0:00:59"]

1. c4 Nf6 2. g3 g6 3. Bg2 Bg7 4. Nf3 O-O 5. O-O c5 6. Nc3 Nc6 7. b3 e5 8. Bb2 d6 9. d3 h6 10. Nd2 Be6 11. Nde4 Nxe4 12. dxe4 a6 13. Nd5 b5 14. Qc2 Rb8 15. Rfd1 Nd4 16. Bxd4 exd4 17. Rac1 Kh7 18. Qd3 Qa5 19. Rd2 Rbe8 20. e3 f5 21. exd4 Bxd4 22. Re2 Qa3 23. Rd1 bxc4 24. bxc4 Qxd3 25. Rxd3 Bxd5 26. cxd5 f4 27. gxf4 Rxf4 28. Kf1 Ref8 29. f3 g5 30. h3 h5 31. Ke1 Kh6 32. Rb3 c4 33. Rb4 Bc3+ 0-1


[Site "https://www.chess.com"]

[Event "Titled Tuesday Blitz March 21 Late 2023"]
[White "Bolourchifard, Farzad"]
[Black "Mazurkiewicz, Michal"]
[WhiteFideId "12510084"]
[BlackFideId "1124943"]
[WhiteElo "2317"]
[BlackElo "2054"]
[Result "0-1"]
[Round "05"]
[TimeControl "180+2"]
[Date "2023.03.21"]
[WhiteClock "0:00:20"]
[BlackClock "0:00:54"]

1. e4 d6 2. Nc3 Nf6 3. d4 c6 4. Nf3 Bg4 5. h3 Bh5 6. Be2 e6 7. O-O d5 8. e5 Nfd7 9. a3 c5 10. dxc5 Bxc5 11. b4 Be7 12. Bb2 Nc6 13. g4 Bg6 14. Nb5 O-O 15. Bd3 a6 16. Bxg6 hxg6 17. Nbd4 Rc8 18. Nxc6 Rxc6 19. Bd4 Qc8 20. c3 Bd8 21. h4 Bb6 22. Kg2 Bxd4 23. cxd4 Rc3 24. Rh1 f6 25. Rh3 fxe5 26. dxe5 Qc4 27. Rg3 Qe4 28. Rc1 Rcxf3 29. Rxf3 Nxe5 30. Rc3 Qxg4+ 31. Kf1 Nxf3 32. Rc7 Nh2+ 33. Ke1 Qg1+ 34. Kd2 Rxf2+ 35. Kc1 Rf1 36. Qxf1 Qxf1+ 37. Kb2 Qf2+ 38. Kb3 Qg3+ 39. Ka4 Qxc7 40. h5 b5+ 41. Kb3 Qc4+ 42. Kb2 d4 43. hxg6 d3 44. a4 d2 45. a5 d1=Q 46. Ka3 Qcb3# 0-1


[Site "https://www.chess.com"]

[Event "Titled Tuesday Blitz March 21 Late 2023"]
[White "Ronka, Erik"]
[Black "Bilych, Olexiy"]
[WhiteFideId "505080"]
[BlackFideId "14156504"]
[WhiteElo "2264"]
[BlackElo "2320"]
[Result "0-1"]
[Round "05"]
[TimeControl "180+2"]
[Date "2023.03.21"]
[WhiteClock "0:00:09"]
[BlackClock "0:00:13"]

1. e4 c5 2. Nf3 Nc6 3. d4 cxd4 4. Nxd4 e6 5. Nc3 Qc7 6. Qd3 Nf6 7. Ndb5 Qb8 8. Qg3 d6 9. Be3 a6 10. Nd4 Bd7 11. Be2 b5 12. a3 Be7 13. O-O O-O 14. Rad1 Re8 15. f4 Nxd4 16. Bxd4 Bc6 17. Bf3 e5 18. fxe5 dxe5 19. Bxe5 Bc5+ 20. Bd4 Qb6 21. Qf2 Bxd4 22. Qxd4 Qc7 23. Rfe1 Re5 24. Qd6 Qxd6 25. Rxd6 Bb7 26. Kf2 Rae8 27. Rb6 R8e7 28. Rd1 h6 29. Re1 h5 30. h3 h4 31. Rd6 Rc7 32. Rd4 g6 33. a4 Kg7 34. axb5 axb5 35. Rb4 Bc6 36. Rd1 Rce7 37. Rdd4 g5 38. Nd5 Rd7 39. Nxf6 Kxf6 40. Rxd7 Bxd7 41. Ke3 Rc5 42. c3 Ke5 43. Rd4 Be6 44. Rd2 b4 45. cxb4 Rc4 46. Rd4 Rc2 47. Rd2 Rc4 48. b5 Rb4 49. Rd8 Rb3+ 50. Kd2 Rxb2+ 51. Kc3 Rb3+ 52. Kc2 Rxb5 53. Kd3 Ra5 54. Ke3 Ra3+ 55. Rd3 Ra4 56. Rc3 Ra1 57. Rc5+ Kf6 58. Rc6 Ra5 59. Bg4 Ke5 60. Bxe6 fxe6 61. Rc4 Ra3+ 62. Kf2 Kf4 63. Rc8 Ra2+ 64. Kg1 Kxe4 65. Rc5 e5 66. Rc4+ Kd3 67. Rg4 e4 68. Rxg5 Ra1+ 69. Kf2 e3+ 70. Kf3 Rf1+ 71. Kg4 e2 72. Rd5+ Kc4 73. Re5 e1=Q 74. Rxe1 Rxe1 75. Kxh4 Kd5 76. Kg5 Ke6 77. Kg6 Rg1 78. g4 Rg3 79. g5 Rxh3 80. Kg7 Rg3 81. g6 Kf5 0-1


[Site "https://www.chess.com"]

[Event "Titled Tuesday Blitz March 21 Late 2023"]
[White "Guzman Moneo, Alberto"]
[Black "Korchmar, Vasiliy"]
[WhiteFideId "2209616"]
[BlackFideId "24131750"]
[WhiteElo "2157"]
[BlackElo "2370"]
[Result "0-1"]
[Round "05"]
[TimeControl "180+2"]
[Date "2023.03.21"]
[WhiteClock "0:00:09"]
[BlackClock "0:00:59"]

1. e4 c5 2. Nc3 d6 3. Nge2 Nc6 4. g3 g6 5. d4 cxd4 6. Nxd4 Bg7 7. Be3 Nf6 8. h3 Bd7 9. Bg2 Qc8 10. g4 Ne5 11. O-O Nc4 12. Bc1 h5 13. g5 Nh7 14. h4 Bg4 15. Qd3 O-O 16. f3 Bd7 17. f4 Qc5 18. Ne2 e5 19. b3 Nb6 20. f5 Rfc8 21. f6 Bf8 22. Be3 exd4 23. Nxd4 Qc3 24. Rad1 Bg4 25. Rd2 Qxd3 26. Rxd3 Nd7 27. c4 a6 28. Re1 Ndxf6 29. Nc2 Nd7 30. Bd4 Ne5 31. Rg3 Be7 32. Rf1 Nf8 33. Ne3 Be6 34. Nf5 Rc7 35. Nh6+ Kg7 36. Bxe5+ dxe5 37. Rgf3 Bc5+ 38. Kh2 b5 39. Bh3 Raa7 40. Bxe6 Nxe6 41. cxb5 axb5 42. Rf6 Rxa2+ 43. Kg3 Nf4 44. R1xf4 exf4+ 45. Kxf4 Rf2+ 46. Ke5 Rxf6 47. gxf6+ Kxh6 48. Kd5 Bf2 49. e5 Bxh4 0-1


[Site "https://www.chess.com"]

[Event "Titled Tuesday Blitz March 21 Late 2023"]
[White "Jaracz, Pawel"]
[Black "Torres Dominguez, David"]
[WhiteFideId "1102222"]
[BlackFideId "2220857"]
[WhiteElo "2438"]
[BlackElo "1999"]
[Result "0-1"]
[Round "05"]
[TimeControl "180+2"]
[Date "2023.03.21"]
[WhiteClock "0:00:01"]
[BlackClock "0:00:13"]

1. d4 e5 2. dxe5 d6 3. Nf3 Be7 4. e4 Nc6 5. Bb5 Bg4 6. exd6 Bxd6 7. O-O Ne7 8. h3 Bxf3 9. Qxf3 a6 10. Bd3 Ne5 11. Qe2 Qd7 12. Nc3 O-O-O 13. Be3 Nxd3 14. cxd3 f5 15. f4 Bb4 16. Rfd1 Qe6 17. Bf2 Bxc3 18. bxc3 Nd5 19. Bd4 Nxf4 20. Qf3 g5 21. Bxh8 Rxh8 22. Re1 Qc6 23. Rab1 Rf8 24. Kh2 h6 25. exf5 Qxf3 26. gxf3 Nxd3 27. Re3 Nf4 28. Rd1 b5 29. Re5 Nh5 30. Re7 Rxf5 31. Rd3 Nf4 32. Rde3 Nd5 33. Re8+ Kb7 34. Rd3 Nf4 35. Rd2 a5 36. Kg3 a4 37. Kg4 Rd5 38. Rxd5 Nxd5 39. c4 bxc4 40. Re4 c3 41. Kg3 c2 42. Rc4 Ne3 43. Rc3 Kb6 44. f4 gxf4+ 45. Kf3 c5 46. a3 Kb5 0-1


[Site "https://www.chess.com"]